 Dungeon Crawl Stone Soup version 0.20-a0-548-g4f8a798 (console) character file.

7523 nht the Carver (level 11, -1/111 (112) HPs)
             Began as a Merfolk Berserker on Feb 1, 2017.
             Was a High Priest of Trog.
             Slain by a gargoyle
             ... wielding a +0 mace
              (11 damage)
             ... on level 10 of the Dungeon.
             The game lasted 00:15:16 (8280 turns).

nht the Carver (Merfolk Berserker)                  Turns: 8280, Time: 00:15:17

HP:   -1/111 (112)  AC:  4    Str: 22    XL:     11   Next: 16%
MP:   0/11          EV: 18    Int:  7    God:    Trog [*****.]
Gold: 379           SH:  0    Dex: 17    Spells: 10/10 levels left

rFire    . . .     SeeInvis .   b - +0 dagger (elec)
rCold    . . .     Gourm    .   s - +1 leather armour {rPois}
rNeg     . . .     Faith    .   (no shield)
rPois    +         Spirit   +   (no helmet)
rElec    .         Reflect  .   (no cloak)
rCorr    .         Harm     .   (no gloves)
MR       ++...                  (no boots)
Stlth    ..........             x - amulet of guardian spirit
Regen    1.3/turn               (no ring)
                                (no ring)

@: berserking, regenerating, very quick
A: change form in water, swift swim, stealthy swim
a: Berserk, Trog's Hand, Brothers in Arms, Burn Spellbooks, Renounce Religion


You were on level 10 of the Dungeon.
You worshipped Trog.
Trog was extremely pleased with you.
You were very hungry.

You visited 1 branch of the dungeon, and saw 10 of its levels.

You collected 379 gold pieces.

Inventory:

Hand Weapons
 a - a +1 falchion of chaos
 b - a +0 dagger of electrocution (weapon)
 e - a +2 dagger of venom
Missiles
 d - 11 javelins (quivered)
 f - 18 poisoned needles
 w - 5 steel tomahawks
 y - 3 throwing nets
 E - 4 poisoned javelins
 F - 6 tomahawks
 L - 4 needles of frenzy
Armour
 p - a +2 ring mail of positive energy
 q - a +1 leather armour of cold resistance
 s - a +1 leather armour of poison resistance (worn)
Jewellery
 x - an amulet of guardian spirit (around neck)
 N - an uncursed ring of poison resistance {unknown}
Wands
 t - a wand of lightning (7/15)
 A - a wand of random effects (14/48)
 C - a wand of polymorph (8/24)
 I - a wand of flame (25/48)
Scrolls
 g - 7 scrolls of remove curse
 i - 3 scrolls of enchant armour
 l - a scroll of immolation
 m - a scroll of recharging
 r - 3 scrolls of teleportation
 H - a scroll of magic mapping
 J - a scroll of enchant weapon
Potions
 c - 2 potions of berserk rage
 k - 5 potions of curing
 n - a potion of heal wounds
 v - 3 potions of might
 B - a potion of degeneration {unknown}
 D - 3 potions of invisibility {unknown}
 G - a potion of cancellation {unknown}
 K - 2 potions of flight
 M - a potion of haste {unknown}
 O - a potion of resistance
Comestibles
 h - 4 royal jellies
 j - 4 chunks of flesh
 o - 3 fruits
 u - 3 meat rations
 z - 2 bread rations


   Skills:
 - Level 3.2 Fighting
 - Level 14.1 Long Blades
 * Level 8.0 Throwing
 - Level 1.3 Armour
 + Level 9.3 Dodging


You had 10 spell levels left.
You didn't know any spells.

Dungeon Overview and Level Annotations

Branches:
Dungeon (10/15)            Temple (0/1) D:5            Lair (0/6) D:10
    Orc: D:9-12

Altars:
Cheibriados
Fedhas
Nemelex Xobeh
Trog
Uskayaw

Shops:
D:5 :


Message History

You puncture the gargoyle!
The gargoyle is moderately damaged.
You hit the gargoyle but do no damage.
The gargoyle is moderately damaged.
The orc priest closely misses you.
You hit the gargoyle but do no damage.
The gargoyle is moderately damaged.
The gargoyle hurls a stone arrow at you.
The stone arrow hits you!
* * * LOW HITPOINT WARNING * * *
You barely miss the gargoyle.
The gargoyle is moderately damaged.
You hit the gargoyle.
The gargoyle is moderately damaged.
You puncture the gargoyle!
The gargoyle is heavily damaged.
The orc priest hits you from afar with a trident.
* * * LOW HITPOINT WARNING * * *
The gargoyle hits you with a mace!
You die... ██████████████████████████████

.............................█
.............................█
.............................█
.............................█
.............................█
██.....██'██████████████'████
█......█.......@9...█.......█
█......█.......oo...█.......█
█......█.......Y.o..█.......█
█......█............█.......█
█......█............█.......█
█......█████████....██......█
█....... .....█......█
.....█......█ █.<....█


You could see a gargoyle, an ice beast, an orc priest and 2 orcs.

Vanquished Creatures
  3 two-headed ogres
  The ghost of nht the Slicer, a novice HaAs (D:8)
  Prince Ribbit (D:7)
  A steam dragon (D:10)
  4 yaks (D:10)
  Grum (D:8)
  Menkaure (D:7)
  A water moccasin (D:6)
  2 ice beasts
  A black bear (D:6)
  2 sky beasts
  3 orc warriors
  2 phantoms
  A necrophage (D:6)
  5 ogres
  A boggart (D:8)
  A wolf (D:8)
  3 centaurs
  4 big kobolds
  A wyvern zombie (D:10)
  4 bullfrogs
  A gnoll sergeant (D:7)
  3 scorpions
  A killer bee (D:9)
  2 crimson imps
  A centaur zombie (D:5)
  4 hounds
  An iron imp (D:5)
  2 jellies
  5 orc priests
  A centaur skeleton (D:5)
  2 iguanas
  7 orc wizards
  2 worker ants
  A killer bee zombie (D:8)
  2 hound skeletons
  2 worker ant zombies
  9 gnolls
  5 adders
  A shadow imp (D:6)
  An ooze (D:3)
  2 adder skeletons (D:9)
  3 worms
  A dart slug (D:1)
  6 leopard geckos
  37 orcs
  3 ball pythons
  7 bats
  A giant cockroach (D:1)
  6 goblins
  9 hobgoblins
  31 kobolds
  5 quokkas
  4 frilled lizards
  4 rats (D:2)
215 creatures vanquished.

Vanquished Creatures (collateral kills)
  A wolf (D:8)
1 creature vanquished.

Grand Total: 216 creatures vanquished

Notes
Turn   | Place    | Note
-------+----------+-------------------------------------------
     0 | D:1      | nht the Merfolk Berserker began the quest for the Orb.
     0 | D:1      | Reached XP level 1. HP: 18/18 MP: 1/1
   144 | D:1      | Reached XP level 2. HP: 12/24 MP: 2/2
   169 | D:1      | Reached skill level 4 in Long Blades
   493 | D:2      | Reached XP level 3. HP: 10/29 MP: 3/3
   928 | D:2      | Reached ** piety under Trog
   928 | D:2      | Reached skill level 5 in Long Blades
  1005 | D:2      | Reached XP level 4. HP: 24/35 MP: 4/4
  1589 | D:3      | Reached skill level 6 in Long Blades
  1592 | D:3      | Reached XP level 5. HP: 41/41 MP: 5/5
  2108 | D:3      | Found a blossoming altar of Fedhas.
  2139 | D:3      | Reached *** piety under Trog
  2213 | D:4      | Reached skill level 7 in Long Blades
  2255 | D:4      | Reached XP level 6. HP: 31/47 MP: 6/6
  2712 | D:5      | Entered Level 5 of the Dungeon
  2723 | D:5      | Reached skill level 8 in Long Blades
  2743 | D:5      | Reached XP level 7. HP: 40/52 MP: 2/7
  2794 | D:5      | Found Soqijaus's Book Shoppe.
  2828 | D:5      | Reached skill level 9 in Long Blades
  2871 | D:5      | Found a staircase to the Ecumenical Temple.
  2989 | D:5      | Found a snail-covered altar of Cheibriados.
  3321 | D:5      | Reached skill level 10 in Long Blades
  3463 | D:5      | Reached XP level 8. HP: 52/58 MP: 8/8
  4414 | D:6      | Found a bloodstained altar of Trog.
  4422 | D:6      | Reached skill level 11 in Long Blades
  5064 | D:6      | Reached skill level 12 in Long Blades
  5354 | D:7      | Reached **** piety under Trog
  5367 | D:7      | Reached XP level 9. HP: 44/63 MP: 9/9
  5573 | D:7      | Reached skill level 13 in Long Blades
  5727 | D:7      | Noticed Prince Ribbit
  5736 | D:7      | Killed Prince Ribbit
  5844 | D:7      | Noticed a two-headed ogre
  5856 | D:7      | Killed a two-headed ogre
  5856 | D:7      | Reached skill level 14 in Long Blades
  5935 | D:7      | Noticed Menkaure
  5946 | D:7      | Killed Menkaure
  6024 | D:7      | Found a hide-covered altar of Uskayaw.
  6085 | D:7      | Found a sparkling altar of Nemelex Xobeh.
  6196 | D:8      | Reached skill level 5 in Dodging
  6206 | D:8      | Noticed Grum
  6215 | D:8      | Noticed nht's ghost (novice HaAs)
  6219 | D:8      | Noticed a two-headed ogre
  6298 | D:8      | Reached XP level 10. HP: 61/69 MP: 10/10
  6392 | D:8      | Reached skill level 1 in Throwing
  6417 | D:8      | Killed a two-headed ogre
  6436 | D:8      | Killed Grum
  6491 | D:8      | Killed nht's ghost
  6669 | D:8      | Noticed a two-headed ogre
  6677 | D:8      | Killed a two-headed ogre
  6677 | D:8      | Reached skill level 5 in Throwing
  7113 | D:9      | Received a gift from Trog
  7460 | D:9      | Reached ***** piety under Trog
  7608 | D:9      | Reached XP level 11. HP: 71/74 MP: 9/11
  7621 | D:10     | Entered Level 10 of the Dungeon
  7626 | D:10     | Found a staircase to the Lair.
  8049 | D:10     | Received a gift from Trog
  8280 | D:10     | Slain by a gargoyle

Vault maps used:
D:1:      dpeg_arrival_round_c
D:3:      lemuel_crystal_altar
D:4:      first_bread, grunt_decor_mini_mirrors
D:5:      slow_altar_1, minmay_temple_entry_statues, serial_shops,
          kennysheep_little_box
D:6:      trog_three_pillars_becter
D:7:      overflow_temple_1_default, nemelex_diamond_rough_becter,
          uniq_menkaure, uniq_prince_ribbit1
D:8:      uniq_grum
D:10:     lair_entry_dummy, hangedman_stone_soup, lemuel_blue_sif_altar

Skill      XL: |  1  2  3  4  5  6  7  8  9 10 11 |
---------------+----------------------------------+-----
Long Blades    | 4 5 6 7 8 10 12 14 | 14.1
Dodging        | 5 8 9 |  9.3
Throwing       | 7 8 |  8.0
Fighting       | |  3.2
Armour         | |  1.3

Action                   |  1- 3 |  4- 6 |  7- 9 | 10-12 || total
-------------------------+-------+-------+-------+-------++-------
Melee: Falchion          |    17 |       |   301 |   188 ||   506
       Dagger            |    62 |   170 |    68 |   160 ||   460
Invok: Berserk           |       |     1 |    12 |     6 ||    19
       Brothers in Arms  |       |       |       |     1 ||     1
       Trog's Hand       |       |       |       |     1 ||     1
Evoke: Wand              |       |       |     2 |    11 ||    13
  Use: Potion            |     1 |       |     3 |     2 ||     6
       Scroll            |       |     3 |    10 |     1 ||    14
 Stab: Sleeping          |     1 |       |       |       ||     1
       Distracted        |       |     1 |       |       ||     1
       Paralysed         |       |       |     2 |     3 ||     5
       Confused          |       |       |       |     1 ||     1
       Petrifying        |       |       |       |     1 ||     1
       Petrified         |       |       |       |     1 ||     1
  Eat: Chunk             |       |     7 |    14 |    12 ||    33
       Bread ration      |       |       |     2 |       ||     2
Armor: Animal skin       |    18 |    11 |       |       ||    29
       Leather armour    |       |     6 |    40 |    36 ||    82
       Skin              |       |       |    16 |    35 ||    51
Dodge: Dodged            |    57 |    97 |   192 |   159 ||   505
       Rpst.: Falchion   |     5 |       |    53 |    28 ||    86
